 Dungeon Crawl Stone Soup version 0.19.5 (webtiles) character file.

113 tidbits the Ducker (level 4, 0/31 HPs)
             Began as a High Elf Wanderer on Oct 31, 2017.
             Slain by an iguana (10 damage)
             ... on level 4 of the Dungeon.
             The game lasted 00:07:01 (1186 turns).

tidbits the Ducker (High Elf Wanderer)              Turns: 1186, Time: 00:07:02

Health: 0/31       AC:  8    Str: 12    XL:     4   Next: 65%
Magic:  8/8        EV: 12    Int: 14    God:
Gold:   72         SH:  0    Dex: 16    Spells: 0 memorised, 7 levels left

rFire  . . .     SeeInvis .     a - +2 trident (flame)
rCold  . . .     Gourm    .     B - +0 ring mail
rNeg   . . .     Faith    .     (no shield)
rPois  .         Spirit   .     (no helmet)
rElec  .         Reflect  .     (no cloak)
rCorr  .         Harm     .     (no gloves)
MR     .....                    (no boots)
Stlth  +.........               (no amulet)
                                (no ring)
                                U - +3 ring of protection

@: no status effects
A: no striking features
a: no special abilities


You were on level 4 of the Dungeon.
You were not hungry.

You visited 1 branch of the dungeon, and saw 4 of its levels.

You collected 72 gold pieces.

Inventory:

Hand Weapons
 a - a +2 trident of flaming (weapon)
   (You found it on level 3 of the Dungeon)
 b - a +0 hunting sling
   (You found it on level 2 of the Dungeon)
 o - a +0 short sword
   (You took it off a kobold on level 2 of the Dungeon)
 q - a +0 dagger
Missiles
 h - 41 stones (quivered)
 j - 28 sling bullets
Armour
 B - a +0 ring mail (worn)
Jewellery
 U - a +3 ring of protection (left hand)
   (You found it on level 1 of the Dungeon)
Scrolls
 e - 2 scrolls of immolation {unknown}
 g - 4 scrolls of identify {unknown}
 i - 2 scrolls of remove curse {unknown}
 l - a scroll of teleportation {unknown}
 m - a scroll of enchant armour {unknown}
 p - 2 scrolls of recharging {unknown}
 s - a scroll of noise {unknown}
Potions
 f - 2 potions of flight
 n - a potion of agility {unknown}
 r - a potion of curing {unknown}
Books
 d - a book of Minor Magic

   Spells                             Type                      Level
   a - Magic Dart                     Conjuration                  1
   b - Blink                          Translocation                2
   c - Call Imp                       Summoning                    2
   d - Repel Missiles                 Charms/Air                   2
   e - Slow                           Hexes                        2
   f - Conjure Flame                  Conjuration/Fire             3
   g - Mephitic Cloud                 Conjuration/Poison/Air       3
Comestibles
 c - 5 bread rations
 k - 2 beef jerkies


   Skills:
 + Level 3.1 Fighting
   Level 1.3 Bows
 - Level 1.0 Throwing
 - Level 1.7 Armour
 + Level 3.1 Dodging
 - Level 1.1 Stealth
 - Level 2.4 Spellcasting
   Level 2.0 Ice Magic
   Level 1.2 Air Magic


You had 7 spell levels left.
You didn't know any spells.

Dungeon Overview and Level Annotations

Branches:
Dungeon (4/15)
 Temple: D:4-7

Altars:


Message History

The adder is almost dead.
You feel sick. The adder bites you. x2
You completely miss the adder.
The adder is almost dead.
The adder misses you.
You hit the adder. You burn the adder.
You kill the adder!
You have reached level 4!
The goblin hits you but does no damage.
You completely miss the goblin.
You feel sick. The goblin closely misses you.
You puncture the goblin! You burn the goblin.
You kill the goblin!
No target in view!
No target in view!
Things that are here:
a club; a goblin corpse; an adder corpse You feel sick.
You are no longer poisoned.
Found a scroll labeled LIUNAD TUIH.
Found a stone staircase leading down.
A bat comes into view.
You see here a bread ration.
c - 5 bread rations (gained 1)
You see here a scroll labeled MYMU FOTZO.
g - 4 scrolls labeled MYMU FOTZO (gained 1)
There is a stone staircase leading down here.
The bat hits you but does no damage. The bat closely misses you.
You see here a scroll labeled LIUNAD TUIH.
s - a scroll labeled LIUNAD TUIH The bat hits you but does no damage. x2
You closely miss the bat. The bat misses you.
There are no items here.
There is a stone staircase leading down here.
Attack whom?
Press: ? - help, Dir - move target cursor, f - bat
Aim: a bat You reach to attack!
You hit the bat. You burn the bat.
The bat is severely wounded.
The bat barely misses you. The bat misses you.
You hit the bat. You burn the bat.
You kill the bat!
You climb downwards.
Found a scroll labeled KAQILUNADD.
There is a stone staircase leading up here.
Found a stone staircase leading up.
An iguana and a skeleton come into view.
You see here a scroll labeled KAQILUNADD.
p - 2 scrolls labeled KAQILUNADD (gained 1)
An iguana comes into view.
Found a scroll labeled JEASTAALOGH.
A hound comes into view.
The hound barks!
You see here a scroll labeled JEASTAALOGH.
i - 2 scrolls labeled JEASTAALOGH (gained 1)
The hound bites you but does no damage. The hound bites you.
The hound bites you but does no damage. The hound bites you but does no damage.
The hound completely misses you. The hound misses you.
You hit the hound. You burn the hound.
The hound is lightly wounded.
The hound closely misses you. The hound bites you but does no damage.
You hit the hound. You burn the hound.
The hound is severely wounded.
The hound bites you. The hound bites you but does no damage.
You puncture the hound! You burn the hound.
You kill the hound!
Your Fighting skill increases to level 3!
Your Dodging skill increases to level 3!
You puncture the howler monkey skeleton!
You burn the howler monkey skeleton.
The howler monkey skeleton is moderately damaged.
The howler monkey skeleton hits you but does no damage.
You hit the howler monkey skeleton. You burn the howler monkey skeleton.
The howler monkey skeleton is severely damaged.
The howler monkey skeleton hits you.
* * * LOW HITPOINT WARNING * * *
The howler monkey skeleton closely misses you.
You puncture the howler monkey skeleton!
You burn the howler monkey skeleton.
You destroy the howler monkey skeleton!
You hit the iguana. You burn the iguana.
The iguana is moderately wounded.
The iguana closely misses you. The iguana misses you.
You hit the iguana. You burn the iguana.
The iguana is heavily wounded.
The iguana bites you but does no damage.
Your ring mail prevents you from hitting the iguana.
The iguana is heavily wounded.
The iguana closely misses you.
You closely miss the iguana.
The iguana is heavily wounded.
The iguana misses you.
The iguana bites you but does no damage.
You closely miss the iguana.
The iguana is heavily wounded.
The iguana bites you.
* * * LOW HITPOINT WARNING * * *
You hit the iguana but do no damage.
The iguana is heavily wounded.
The iguana bites you!
You die...

#.......#
#.......#
#.......# #
#.......# #.
#.......# #..
#.Z.....# #...
#.......#
#....###.......#
♣.....@l...##..#
♣..#..#####.#
..# #. #.# #.# #
.# # .. #


You could see an iguana.

Vanquished Creatures
  A hound (D:4)
  A gnoll (D:1)
  A howler monkey skeleton (D:4)
  2 adders
  An ooze (D:1)
  2 dart slugs (D:1)
  A leopard gecko (D:1)
  A ball python (D:2)
  3 giant cockroaches
  4 goblins
  4 hobgoblins (D:1)
  5 bats
  A frilled lizard (D:1)
  6 kobolds
  7 rats
40 creatures vanquished.

Notes
Turn   | Place    | Note
-------+----------+-------------------------------------------
     0 | D:1      | tidbits the High Elf Wanderer began the quest for the Orb.
     0 | D:1      | tidbits set off with: a book of Minor Magic, a potion of lignification, a +0 ring mail, a +0 dagger, a bread ration
     0 | D:1      | Reached XP level 1. HP: 11/11 MP: 4/4
    58 | D:1      | Reached skill level 1 in Fighting
    58 | D:1      | Reached skill level 1 in Dodging
   126 | D:1      | Reached XP level 2. HP: 4/18 MP: 6/6
   610 | D:1      | Reached skill level 2 in Fighting
   610 | D:1      | Reached XP level 3. HP: 9/24 MP: 7/7
   860 | D:1      | Reached skill level 2 in Dodging
  1125 | D:3      | Reached XP level 4. HP: 17/30 MP: 8/8
  1177 | D:4      | Reached skill level 3 in Fighting
  1177 | D:4      | Reached skill level 3 in Dodging
  1186 | D:4      | Slain by an iguana

Skill      XL: |  1  2  3  4 |
---------------+-------------+-----
Fighting       | 1 2 3 |  3.1
Dodging        | 1 2 3 |  3.1
Bows           | |  1.3
Throwing       | |  1.0
Armour         | |  1.7
Stealth        | |  1.1
Spellcasting   | |  2.4
Ice Magic      | |  2.0
Air Magic      | |  1.2

Action                   |  1- 3 |  4- 6 || total
-------------------------+-------+-------++-------
Melee: Dagger            |   176 |       ||   176
       Trident           |    11 |    17 ||    28
       Unarmed           |     1 |       ||     1
 Fire: Hunting sling     |    22 |       ||    22
  Use: Potion            |     2 |       ||     2
  Eat: Chunk             |     2 |       ||     2
Armor: Ring mail         |    75 |    12 ||    87
       Skin              |     1 |       ||     1
Dodge: Dodged            |   116 |    13 ||   129

Table legend:
 A = Turns spent in this place as a percentage of turns spent in the entire game.
 B = Non-inter-level travel turns spent in this place as a percentage of non-inter-level travel turns spent in the entire game.
 C = Inter-level travel turns spent in this place as a percentage of turns spent in this place.
 D = Turns resting spent in this place as a percentage of non-inter-level travel turns spent in this place.
 E = Turns spent auto-exploring this place as a percentage of non-inter-level travel turns spent in this place.
 F = Non-inter-level travel turns spent in this place divided by the number of levels of this place that you've seen.
                   A       B       C       D       E      F
               +-------+-------+-------+-------+-------+----------------------
         Total | 100.0 | 100.0 |   0.2 |   0.2 |   0.0 | 266.0
       Dungeon | 100.0 | 100.0 |   0.2 |   0.2 |   0.0 | 266.0
               +-------+-------+-------+-------+-------+----------------------

Table legend:
 A = Kills in this place as a percentage of kills in entire the game.
 B = Kills by you in this place as a percentage of kills by you in the entire game.
 C = Kills by friends in this place as a percentage of kills by friends in the entire game.
 D = Other kills in this place as a percentage of other kills in the entire game.
 E = Experience gained in this place as a percentage of experience gained in the entire game.
 F = Experience gained in this place divided by the number of levels of this place that you have seen.
                   A       B       C       D       E      F
               +-------+-------+-------+-------+-------+----------------------
         Total | 100.0 | 100.0 |  -nan |  -nan | 100.0 |  40.5
       Dungeon | 100.0 | 100.0 |  -nan |  -nan | 100.0 |  40.5
               +-------+-------+-------+-------+-------+----------------------

Vault maps used:
D:1:      mrwooster_arrival_statue_3
D:2:      vehumet_crystals
D:3:      xom_redecorated, nemelex_dance_club_becter
D:4:      kennysheep_ying_yang, lightli_temple_of_fire, lemuel_doored_altar
